 Dungeon Crawl Stone Soup version 0.27.1-33-g824d729ab1 (webtiles) character file.

Game seed: 2478244806738453531

42 walnutcon the Skirmisher (level 3, 0/30 HPs)
             Began as a Formicid Fighter on Dec 15, 2021.
             Was an Initiate of Makhleb.
             Slain by a goblin (3 damage)
             ... on level 2 of the Dungeon.
             The game lasted 00:06:55 (1255 turns).

walnutcon the Skirmisher (Formicid Fighter)         Turns: 1255, Time: 00:06:55

Health: 0/30       AC:  6    Str: 21    XL:     3   Next: 77%
Magic:  3/3        EV:  8    Int:  7    God:    Makhleb [......]
Gold:   104        SH:  9    Dex: 10    Spells: 2/2 levels left

rFire    . . .     SeeInvis +   a - +0 long sword
rCold    . . .     Faith    .   c - +0 kite shield
rNeg     . . .     Spirit   .   b - +0 scale mail
rPois    .         Reflect  .   (helmet unavailable)
rElec    .         Harm     .   (no cloak)
rCorr    .         Rampage  .   (no gloves)
Will     .....                  (no boots)
Stlth    ..........             (no amulet)
HPRegen  0.10/turn              (no ring)
MPRegen  0.08/turn              (no ring)

@: no status effects
A: permanent stasis, dig shafts and tunnels, antennae 3, four strong arms
a: Dig, Shaft Self, Renounce Religion


You were on level 2 of the Dungeon.
You worshipped Makhleb.
Makhleb was noncommittal.
You visited 1 branch of the dungeon, and saw 2 of its levels.

You collected 104 gold pieces.

Inventory:

Hand Weapons
 a - a +0 long sword (weapon)
Missiles
 i - 43 arrows
Armour
 b - a +0 scale mail (worn)
 c - a +0 kite shield (worn)
Magical Staves
 h - a staff of conjuration
Jewellery
 e - a ring of ice
Scrolls
 g - a scroll of amnesia {unknown}
 j - 2 scrolls of vulnerability {unknown}
 k - a scroll of identify {unknown}
Potions
 d - 2 potions of might
 f - a potion of berserk rage {unknown}


   Skills:
 * Level 4.1 Fighting
 * Level 3.0 Long Blades
 - Level 3.2 Armour
 - Level 3.6 Shields


You had 2 spell levels left.
You didn't know any spells.
Your spell library contained the following spells:

 Spells                   Type           Power      Damage    Failure   Level
 Animate Armour           Summ/Erth      0%         N/A       100%        4
 Blade Hands              Tmut           0%         N/A       100%        5
 Iron Shot                Conj/Erth      0%         9d1       100%        6


Dungeon Overview and Level Annotations

Branches:
Dungeon (2/15)

Altars:
Makhleb


Innate Abilities, Weirdness & Mutations

You cannot be hasted, slowed, berserked, paralysed or teleported.
You can dig through walls and to a lower floor.
You have a pair of large antennae on your head. (SInv)
Your four strong arms can wield two-handed weapons with a shield.


Message History

You block the quokka's attack. x2
You hit the quokka.
You kill the quokka!
Makhleb accepts your kill.
A worm comes into view.
A worm is nearby!
Things that are here:
a +0 short sword; a hobgoblin corpse
Things that are here:
a +0 short sword; a hobgoblin corpse You hit the worm.
The worm is lightly wounded.
The worm bites you.
You barely miss the worm.
The worm is lightly wounded.
The worm bites you!
Things that are here:
a +0 short sword; a hobgoblin corpse A goblin comes into view.
It is wielding a +0 short sword.
The goblin throws a stone.
You block the stone.
The goblin throws a stone.
The stone barely misses you. The goblin hits you but does no damage.
You barely miss the goblin.
The goblin hits you with a +0 short sword. x2
* * * LOW HITPOINT WARNING * * *
You hit the goblin but do no damage. You block the goblin's attack.
You hit the goblin but do no damage.
The goblin hits you with a +0 short sword.
* * * LOW HITPOINT WARNING * * *
The goblin hits you but does no damage.
You slash the goblin!
You kill the goblin!
Makhleb accepts your kill.
Things that are here:
a +0 short sword; 5 stones; a sedimented coppery potion A goblin comes into view.
It is wielding a +0 club.
You hit the goblin.
The goblin is severely wounded.
The goblin hits you with a +0 club.
You die...

#...# .# {
#####. ###
#...##.# .
§≈##≈.....#
#≈#≈≈).###
#≈≈≈≈w.## {
###≈≈...#
#≈....#
#...#.#
#..##@#
#..##.g......
######.......
.###.## .. ..
..# ... ...#


You could see a worm and a goblin.

Vanquished Creatures
  5 ball pythons
  2 endoplasms (D:1)
  A giant cockroach (D:1)
  4 goblins
  5 hobgoblins
  5 jackals (D:2)
  2 kobolds
  A quokka (D:2)
  4 bats
  2 frilled lizards (D:1)
  6 rats
37 creatures vanquished.

Notes
Turn   | Place    | Note
-------+----------+-------------------------------------------
     0 | D:1      | walnutcon the Formicid Fighter began the quest for the Orb.
     0 | D:1      | Reached XP level 1. HP: 18/18 MP: 1/1
    81 | D:1      | You fall into a shaft and drop 1 floor!
   199 | D:1      | Reached XP level 2. HP: 24/24 MP: 2/2
   737 | D:1      | Reached XP level 3. HP: 29/30 MP: 3/3
   871 | D:2      | Found a burning altar of Makhleb.
   896 | D:2      | Reached skill level 4 in Fighting
   920 | D:2      | Became a worshipper of Makhleb the Destroyer
  1255 | D:2      | Slain by a goblin

Illustrated notes

Levels and vault maps discovered:
D:1:      amcnicky_arrival_single_pillar, layout_basic
D:2:      layout_basic, basic_altar, lemuel_another_geyser

Skill      XL: |  1  2  3 |
---------------+----------+-----
Fighting       | 4 |  4.1
Long Blades    | 3 |  3.0
Armour         | |  3.2
Shields        | |  3.6

Action                   || total
-------------------------++-------
Melee: Long sword        ||   127
 Abil: Shaft Self        ||     1
Armor: Scale mail        ||    72
Dodge: Dodged            ||    50
Block: Kite shield       ||    92
       Rpst.: Long sword ||    12
